 Dungeon Crawl Stone Soup version 0.31-a0-202-g547052bce9 (webtiles) character file.

Game seed: 17528764605325692723

49 qw the Shooter (level 3, -1/20 HPs)
             Began as a Deep Elf Hunter on June 26, 2023.
             Killed by nerve-wracking pain
             ... invoked by Jessica
              (5 damage)
             ... on level 3 of the Dungeon.
             The game lasted 00:00:24 (1529 turns).

qw the Shooter (Deep Elf Hunter)                    Turns: 1529, Time: 00:00:25

Health: -1/20      AC: 10    Str: 10    XL:     3   Next: 53%
Magic:  5/5        EV: 11    Int: 13    God:
Gold:   126        SH:  0    Dex: 18    Spells: 2/2 levels left

rFire   . . .        Y - +0 shortbow
rCold   . . .        (shield currently unavailable)
rNeg    . . .        d - +0 ring mail
rPois   .            (no helmet)
rElec   .            (no cloak)
rCorr   .            b - +0 pair of gloves
SInv    .            (no boots)
Will    +....        (no amulet)
Stlth   +            g - ring of willpower
HPRegen 0.23/turn    l - +4 ring of protection
MPRegen 0.09/turn

%: no passive effects
@: no status effects
A: no striking features
a: no special abilities


You were on level 3 of the Dungeon.
You visited 1 branch of the dungeon, and saw 3 of its levels.

You collected 126 gold pieces.


   Skills:
 - Level 1.5 Fighting
 + Level 7.1 Ranged Weapons
 - Level 2.4 Dodging
 - Level 1.2 Stealth


You had 2 spell levels left.
You didn't know any spells.
Your spell library was empty.

Inventory:

Hand Weapons
 Y - a +0 shortbow (weapon)
Armour
 b - a +0 pair of gloves (worn)
 d - a +0 ring mail (worn)
Jewellery
 g - a ring of willpower (left hand)
 i - a ring of ice
 l - a +4 ring of protection (right hand)
Scrolls
 j - a scroll of identify
Potions
 c - a potion of heal wounds {unknown}
 f - a potion of cancellation
 h - a potion of attraction {unknown}

Dungeon Overview and Level Annotations

Branches:
Dungeon (3/15)

Altars:

Annotations:
D:3 Jessica


Message History

The adder barely misses you.
You shoot an arrow. The arrow hits the adder.
The adder is lightly wounded.
The adder bites you but does no damage.
Jessica casts a spell.
Jessica blinks!
You shoot an arrow. The arrow hits the adder.
The adder is moderately wounded.
The jackal barely misses you. The adder closely misses you.
Jessica drinks a potion.
Jessica flickers and vanishes!
Deactivating autopickup; reactivate with Ctrl-A.
The jackal misses you. The adder bites you but does no damage.
You shoot an arrow. The arrow hits the adder.
The adder is almost dead.
The jackal closely misses you. The adder closely misses you.
The jackal bites you but does no damage.
You shoot an arrow. The arrow hits the adder.
You kill the adder!
Something hits you but does no damage.
The jackal bites you but does no damage.
Something hits you.
Your Ranged Weapons skill increases to level 7!
You shoot an arrow. The arrow hits the jackal!
You kill the jackal!
Something hits you but does no damage.
You shoot an arrow. Something hits you.
You shoot an arrow.
You hear some strange, mumbled words.
You shoot an arrow. Something hits you but does no damage. Something hits you.
You shoot an arrow. Something hits you but does no damage.
You hear some strange, mumbled words.
Pain shoots through your body!
You shoot an arrow. Something hits you.
You hear some strange, mumbled words.
Pain shoots through your body!
You die...

...
.}.
...
#.#
##.##
#.%.#
#.%%#
#.@.#
##<##
###


There were no monsters in sight!

Vanquished Creatures
  2 adders
  2 endoplasms (D:1)
  3 goblins
  5 hobgoblins
  3 jackals (D:3)
  5 quokkas
  A ball python (D:2)
  2 bats (D:1)
  3 kobolds
  A rat (D:1)
27 creatures vanquished.

Notes
Turn   | Place    | Note
-------+----------+-------------------------------------------
     0 | D:1      | qw the Deep Elf Hunter began the quest for the Orb.
     0 | D:1      | Reached XP level 1. HP: 12/12 MP: 3/3
     0 | D:1      | 0 ||| qw: Version: 0.3-a-22-g0ed2b0b
     0 | D:1      | 0 ||| qw: Game counter: 6016
     0 | D:1      | 0 ||| qw: Melee chars always use a shield: true
     0 | D:1      | 0 ||| qw: God list: Okawaru
     0 | D:1      | 0 ||| qw: Allow faded altars: false
     0 | D:1      | 0 ||| qw: Do Orc after clearing Dungeon:15 true
     0 | D:1      | 0 ||| qw: Do second Lair branch before Depths: true
     0 | D:1      | 0 ||| qw: Lair rune preference: random
     0 | D:1      | 0 ||| qw: Goals: Normal
     0 | D:1      | 0 ||| PLANNING D:1-11
    40 | D:1      | 40 ||| READING scroll labelled KUBADI YSI KIR.
    41 | D:1      | 41 ||| DROPPING scroll of butterflies.
   359 | D:1      | Reached skill level 6 in Ranged Weapons
   359 | D:1      | Reached XP level 2. HP: 16/16 MP: 4/4
   880 | D:1      | 880 ||| UPGRADING to +0 pair of gloves.
   885 | D:1      | 885 ||| UPGRADING to +0 ring mail.
   895 | D:1      | 895 ||| DROPPING +0 leather armour.
   896 | D:1      | 896 ||| DROPPING ring of magical power.
   897 | D:1      | 897 ||| UPGRADING to ring of willpower.
   898 | D:1      | 898 ||| READING scroll labelled JOCWEN TUVOPS.
   899 | D:1      | 899 ||| DRINKING 2 red potions.
  1265 | D:2      | Reached XP level 3. HP: 20/20 MP: 5/5
  1304 | D:2      | Found a faded altar of an unknown god.
  1490 | D:2      | 1490 ||| UPGRADING to +4 ring of protection.
  1491 | D:2      | 1491 ||| READING scroll labelled UDGHIL XALUBOAT.
  1492 | D:2      | 1492 ||| READING scroll labelled NYQAON ZAFEW.
  1493 | D:2      | 1493 ||| READING scroll labelled QOSEIMP YXASTRI.
  1519 | D:3      | Noticed Jessica
  1524 | D:3      | Reached skill level 7 in Ranged Weapons
  1528 | D:3      | HP: 5/20 [something/nerve-wracking pain (7)]
  1529 | D:3      | Killed from afar by Jessica

Levels and vault maps discovered:
D:1:      nicolae_arrival_somewhat_less_tricky_arrival, layout_basic,
          glass_columns_c, serial_park_tiny_pond, interstate_on_off,
          chequers_serial_rivers_small_b
D:2:      layout_loops_ring, shapermc_ecumenical_altar_rom_forum
D:3:      layout_loops_cross, lemuel_crystal_altar, gammafunk_ghost_smash,
          grunt_ministairs_4, uniq_jessica, uniq_ijyb

Skill      XL: |  1  2  3 |
---------------+----------+-----
Ranged Weapons | 6 7 |  7.1
Fighting       | |  1.5
Dodging        | |  2.4
Stealth        | |  1.2

Action                     || total
---------------------------++-------
   Fire: Shortbow          ||    70
    Use: Scroll            ||     5
         Potion            ||     1
 Armour: Ring mail         ||    12
  Dodge: Dodged            ||    15

Table legend:
 A = Non-vault XP
 B = Vault XP
 C = Vault XP percentage of total XP
 D = Non-vault monster count
 E = Vault monster count
 F = Vault count percentage of total count
                 A         B        C        D         E       F
            +---------+---------+-------+---------+---------+-------
      Total |      56 |      15 |  21.1 |      25 |       2 |   7.4
            +---------+---------+-------+---------+---------+-------
        D:1 |      20 |       0 |   0.0 |      12 |       0 |   0.0
        D:2 |      30 |       0 |   0.0 |      10 |       0 |   0.0
        D:3 |       6 |      15 |  71.4 |       3 |       2 |  40.0
            +---------+---------+-------+---------+---------+-------
